 Dungeon Crawl Stone Soup version 0.30.1-9-gdf580d7c3d (webtiles) character file.

Game seed: 14832030819852568076

599 KittyFluff the Cudgeller (level 7, -1/66 HPs)
             Began as a Gargoyle Berserker on Oct 6, 2023.
             Was an Elder of Trog.
             Slain by a ball python (2 damage)
             ... in a sewer.
             The game lasted 00:15:34 (3841 turns).

KittyFluff the Cudgeller (Gargoyle Berserker)       Turns: 3841, Time: 00:15:35

Health: -1/66      AC:  8    Str: 22    XL:     7   Next: 41%
Magic:  7/7        EV:  9    Int:  8    God:    Trog [****..]
Gold:   148        SH:  5    Dex:  9    Spells: 6/6 levels left

rFire   . . .        a - +0 mace
rCold   . . .        (no shield)
rNeg    + . .        b - +0 animal skin
rPois   ∞            n - +0 helmet
rElec   +            (no cloak)
rCorr   .            (no gloves)
SInv    +            (no boots)
Will    .....        l - amulet of reflection Stlth
                     t - ring of see invisible
HPRegen 0.31/turn    (no ring)
MPRegen 0.10/turn

%: reflection
@: berserking (expiring), constricted, very quick
A: sickness immunity, AC +4, negative energy resistance 1, electricity
resistance, torment resistance 1, petrification resistance
a: Renounce Religion, Berserk, Trog's Hand, Brothers in Arms


You were in a sewer.
You worshipped Trog.
Trog was greatly pleased with you.
You visited 1 branch of the dungeon, and saw 4 of its levels.
You also visited: Sewer.

You collected 148 gold pieces.

Inventory:

Hand Weapons
 a - a +0 mace (weapon)
 w - a +0 sling
Missiles
 m - 5 poisoned darts (quivered)
Armour
 b - a +0 animal skin (worn)
 n - a +0 helmet (worn)
 u - a +0 buckler
Jewellery
 l - an amulet of reflection (around neck)
 t - a ring of see invisible (left hand)
Scrolls
 i - 2 scrolls of enchant weapon {unknown}
 p - 2 scrolls of enchant armour {unknown}
 q - 2 scrolls of teleportation {unknown}
 r - 4 scrolls of fear {unknown}
 s - 2 scrolls of poison {unknown}
 v - 2 scrolls of identify {unknown}
Potions
 c - 5 potions of curing {unknown}
 d - a potion of heal wounds {unknown}
 e - 2 potions of degeneration {unknown}
 f - a potion of invisibility {unknown}
 g - 2 potions of haste {unknown}
 h - 4 potions of flight {unknown}
 j - 2 potions of brilliance {unknown}
 k - 3 potions of magic {unknown}
 o - 4 potions of might {unknown}
 x - a potion of ambrosia {unknown}


   Skills:
 + Level 4.8 Fighting
 * Level 5.3 Maces & Flails
 * Level 5.3 Armour
 + Level 2.9 Dodging


You had 6 spell levels left.
You didn't know any spells.
Your spell library was empty.

Dungeon Overview and Level Annotations

Branches:
Dungeon (4/15)             Temple (0/1) D:4           Sewer (1/1)

Altars:
Kikubaaqudgha
Ru
Trog
Xom

Shops:
D:2 =:[=


Innate Abilities, Weirdness & Mutations

You are immune to sickness and miasma.
Your stone body is resilient. (AC +4)
You are immune to poison.
You resist negative energy. (rN+)
You are resistant to electric shocks. (rElec)
You are resistant to unholy torment.
You are immune to petrification.


Message History

You block the bullfrog's attack.
The ball python bites you but does no damage.
The endoplasm jiggles.
The frilled lizard barely misses you. The ball python bites you.
* * * LOW HITPOINT WARNING * * *
The ball python bites you but does no damage.
You block the ball python's attack. The ball python constricts you.
The bullfrog barely misses you.
You sock the bullfrog!
You kill the bullfrog!
Trog accepts your kill. The ball python closely misses you.
The bullfrog hits you!
* * * LOW HITPOINT WARNING * * *
You block the ball python's attack. You block the frilled lizard's attack.
The ball python bites you but does no damage.
The ball python constricts you. The ball python barely misses you.
You hit the bullfrog.
The bullfrog is moderately wounded.
The bullfrog hits you.
* * * LOW HITPOINT WARNING * * *
The ball python misses you. The ball python bites you.
* * * LOW HITPOINT WARNING * * *
The ball python closely misses you. The ball python constricts you.
* * * LOW HITPOINT WARNING * * *
The ball python bites you but does no damage.
You block the frilled lizard's attack.
You barely miss the bullfrog.
The bullfrog is moderately wounded.
The bullfrog closely misses you. The ball python barely misses you.
The ball python bites you.
* * * LOW HITPOINT WARNING * * *
The ball python closely misses you. The ball python constricts you.
* * * LOW HITPOINT WARNING * * *
The ball python closely misses you.
You hit the bullfrog. You punch the bullfrog.
The bullfrog is heavily wounded.
You block the bullfrog's attack. The frilled lizard bites you.
* * * LOW HITPOINT WARNING * * *
The ball python bites you.
You die...

#....'..# #....#..#
##...####
#.†..##################
#.....#≈≈≈≈≈≈≈≈≈≈≈≈≈≈~#.
##....~≈~≈~≈≈≈≈≈≈≈≈≈~~~.
#....~~~~~≈~≈≈≈~~~~~≈..
#.....≈≈~~~~≈lSSJ~≈≈~~.
##...~~≈≈≈~≈~.@F≈≈≈≈~~.
###..≈~≈≈≈~~~SS~≈≈≈~#.
###################


You could see a bullfrog, an endoplasm, 4 ball pythons and a frilled lizard.

Vanquished Creatures
  Sigmund (D:3)
  A bullfrog (Sewer)
  A hound (D:2)
  An orc priest (D:4)
  An orc wizard (D:3)
  4 gnolls (D:3)
  9 adders
  6 river rats
  3 worms
  2 dart slugs (D:1)
  3 orcs (D:3)
  14 ball pythons
  5 endoplasms
  4 giant cockroaches
  5 hobgoblins
  9 jackals
  4 kobolds (D:2)
  7 quokkas
  8 bats
  6 frilled lizards
  4 goblins
  34 rats
132 creatures vanquished.

Notes
Turn   | Place    | Note
-------+----------+-------------------------------------------
     0 | D:1      | KittyFluff the Gargoyle Berserker began the quest for the
                  | Orb.
     0 | D:1      | Reached XP level 1. HP: 14/14 MP: 1/1
   199 | D:1      | Reached XP level 2. HP: 19/19 MP: 2/2
   708 | D:1      | Reached XP level 3. HP: 23/23 MP: 3/3
  1158 | D:2      | Reached XP level 4. HP: 26/29 MP: 4/4
  1180 | D:2      | Found Idwuadimn's Jewellery Emporium.
  1217 | D:2      | Reached ** piety under Trog
  1397 | D:2      | Found a shimmering altar of Xom.
  1743 | D:2      | Found Battu's Jewellery Boutique.
  1743 | D:2      | Found Moekh's Book Boutique.
  1890 | D:2      | Found a transporter.
  1893 | D:2      | Found Usokluiwk's Armour Emporium.
  1895 | D:2      | Found a transporter.
  2105 | D:3      | Found an ancient bone altar of Kikubaaqudgha.
  2110 | D:3      | Found a sacrificial altar of Ru.
  2115 | D:3      | Found a bloodstained altar of Trog.
  2130 | D:3      | Noticed Sigmund
  2162 | D:3      | Killed Sigmund
  2163 | D:3      | Reached XP level 5. HP: 5/33 MP: 5/5
  2163 | D:3      | Reached XP level 6. HP: 6/38 MP: 6/6
  2832 | D:3      | Reached *** piety under Trog
  3108 | D:4      | Found a staircase to the Ecumenical Temple.
  3134 | D:4      | Found a glowing drain.
  3246 | Sewer    | Entered a sewer
  3293 | Sewer    | Reached skill level 5 in Maces & Flails
  3303 | Sewer    | Reached XP level 7. HP: 23/44 MP: 7/7
  3599 | Sewer    | Reached skill level 5 in Armour
  3651 | Sewer    | Reached **** piety under Trog
  3840 | Sewer    | HP: 3/66 [constriction (1)]
  3841 | Sewer    | HP: 1/66 [frilled lizard (2)]
  3841 | Sewer    | Slain by a ball python

Illustrated notes

Levels and vault maps discovered:
D:1:      onia_arrival_mini_maze, layout_basic
D:2:      minmay_skewed_foursquare, layout_loops_cross, serial_shops,
          nicolae_shop_statue_plus, nicolae_shop_gaudy_bauble,
          nicolae_shop_drivethru, shop, shop, basic_altar,
          kennysheep_generic_room_14
D:3:      kennysheep_big_flooded_room, layout_loops_ring,
          gammafunk_temple_overflow_forgotten, kennysheep_path_1, uniq_sigmund
D:4:      layout_loops_ring, minmay_temple_entry_proselytizer,
          portal_sewer_entry_b, serial_shops, nicolae_inconvenience_store,
          uniq_ijyb, uniq_eustachio
Sewer:    sewer_minmay_w

Skill      XL: |  1  2  3  4  5  6  7 |
---------------+----------------------+-----
Armour         | 3 4 5 |  5.3
Dodging        | 2 |  2.9
Fighting       | 4 |  4.8
Maces & Flails | 4 5 |  5.3

Action                     |  1- 3 |  4- 6 |  7- 9 || total
---------------------------+-------+-------+-------++-------
  Melee: Mace              |    90 |   267 |   135 ||   492
         Punch             |     1 |     1 |     1 ||     3
 Invoke: Berserk           |       |     3 |     1 ||     4
 Armour: Animal skin       |    32 |    90 |   115 ||   237
  Dodge: Dodged            |    73 |   167 |   145 ||   385
  Block: Other             |     5 |    75 |    63 ||   143
